 Dungeon Crawl Stone Soup version 0.22-a0-398-g8bb545f (webtiles) character file.

354 rjrrt the Cleaver (level 6, 0/76 HPs)
             Began as a Minotaur Berserker on May 4, 2018.
             Was a Priest of Trog.
             Slain by Duvessa
             ... wielding a +0 rapier
              (8 damage)
             ... on level 4 of the Dungeon.
             The game lasted 00:05:08 (2658 turns).

rjrrt the Cleaver (Minotaur Berserker)              Turns: 2658, Time: 00:05:09

Health: 0/76       AC:  8    Str: 29    XL:     6   Next: 35%
Magic:  5/5        EV: 12    Int:  4    God:    Trog [***...]
Gold:   220        SH:  0    Dex:  9    Spells: 5/5 levels left

rFire    . . .     SeeInvis .   a - +0 hand axe
rCold    . . .     Gourm    .   (no shield)
rNeg     + . .     Faith    .   m - +1 leather armour
rPois    .         Spirit   .   (helmet restricted)
rElec    .         Reflect  .   (no cloak)
rCorr    .         Harm     .   (no gloves)
MR       .....                  (no boots)
Stlth    ..........             (no amulet)
HPRegen  0.22/turn              j - ring of positive energy
MPRegen  0.09/turn              k - +4 ring of protection

@: berserking (expiring), drained, very quick
A: retaliatory headbutt, horns 2
a: Berserk, Trog's Hand, Renounce Religion


You were on level 4 of the Dungeon.
You worshipped Trog.
Trog was most pleased with you.
You were near starving.

You visited 1 branch of the dungeon, and saw 4 of its levels.

You collected 220 gold pieces.

Inventory:

Hand Weapons
 a - a +0 hand axe (weapon)
Missiles
 e - 2 throwing nets (quivered)
Armour
 m - a +1 leather armour (worn)
Jewellery
 j - a ring of positive energy (left hand)
 k - a +4 ring of protection (right hand)
Wands
 r - a wand of flame (22)
Scrolls
 b - a scroll of fear {unknown}
 f - 2 scrolls of immolation
 g - 3 scrolls of remove curse
 h - 3 scrolls of teleportation
 l - 3 scrolls of magic mapping {unknown}
 n - 4 scrolls of identify {unknown}
 p - a scroll of random uselessness {unknown}
 q - a scroll of enchant weapon {unknown}
Potions
 d - 3 potions of brilliance {unknown}
 i - a potion of ambrosia {unknown}
 s - 2 potions of might {unknown}
Comestibles
 c - 2 rations
 o - 5 chunks of flesh


   Skills:
 - Level 3.6(3.5) Fighting
 + Level 8.7(8.6) Axes
 - Level 2.4(2.3) Armour
 - Level 2.1 Dodging


You had 5 spell levels left.
You didn't know any spells.

Dungeon Overview and Level Annotations

Branches:
Dungeon (4/15)
 Temple: D:4-7

Altars:
Elyvilon
Okawaru
Xom

Annotations:
D:3 1 transporter
D:4 2 transporters, Duvessa


Innate Abilities, Weirdness & Mutations

You reflexively headbutt those who attack you in melee.
You have a pair of horns on your head.


Message History

Duvessa is heavily wounded.
Duvessa misses you.
You are too injured to fight recklessly!
You completely miss Duvessa.
Duvessa is heavily wounded.
Duvessa hits you with a rapier.
* * * LOW HITPOINT WARNING * * *
You are too injured to fight recklessly!
You closely miss Duvessa.
Duvessa is heavily wounded.
Unknown command.
You closely miss Duvessa.
Duvessa is heavily wounded.
Duvessa closely misses you.
You are too injured to fight recklessly!
You are too injured to fight recklessly!
You hit Duvessa. You headbutt Duvessa!
Duvessa is almost dead.
Duvessa hits you with a rapier!
You die...

........#..%$S()..#e.
#....#..##8haeS$8##.a
#....#...#########..
#... #.......©.....
### #........)#
#........#
#####.......a#
#.........##e#######
#.........##@)......
#.........##....)...
#...................
#.........##########
...........#
##.######.## #. #.# #
#.#


You could see a deep elf mage, Duvessa (berserk), a hound, 2 worker ants and an
adder.

Vanquished Creatures
  Dowan (D:4)
  A bullfrog zombie (D:3)
  A hound (D:4)
  A centaur skeleton (D:4)
  An orc wizard (D:4)
  A worker ant (D:4)
  A hound skeleton (D:4)
  5 adders
  2 oozes
  2 worms (D:2)
  4 dart slugs
  4 orcs
  2 ball pythons (D:3)
  5 giant cockroaches
  12 hobgoblins
  4 jackals
  A quokka (D:4)
  7 bats
  4 frilled lizards
  9 goblins
  5 kobolds
  A leopard gecko skeleton (D:4)
  9 rats
83 creatures vanquished.

Vanquished Creatures (others)
  An orc (D:4)
1 creature vanquished.

Grand Total: 84 creatures vanquished

Notes
Turn   | Place    | Note
-------+----------+-------------------------------------------
     0 | D:1      | rjrrt the Minotaur Berserker began the quest for the Orb.
     0 | D:1      | Reached XP level 1. HP: 19/19 MP: 0/0
    37 | D:1      | Reached skill level 4 in Axes
   149 | D:1      | Reached XP level 2. HP: 21/26 MP: 1/1
   722 | D:2      | Found an iron altar of Okawaru.
   730 | D:2      | Reached skill level 5 in Axes
   730 | D:2      | Reached XP level 3. HP: 31/31 MP: 2/2
   793 | D:2      | Reached ** piety under Trog
  1199 | D:2      | Reached skill level 6 in Axes
  1199 | D:2      | Reached XP level 4. HP: 30/39 MP: 3/3
  1539 | D:3      | Found a transporter.
  1598 | D:3      | Found a transporter.
  1698 | D:3      | Found a shimmering altar of Xom.
  1715 | D:3      | Reached XP level 5. HP: 33/45 MP: 4/4
  1731 | D:3      | Reached skill level 7 in Axes
  2035 | D:3      | Reached *** piety under Trog
  2499 | D:4      | Found a transporter.
  2504 | D:4      | Found a transporter.
  2506 | D:4      | Noticed a deep elf mage
  2588 | D:4      | Reached skill level 8 in Axes
  2590 | D:4      | Found a white marble altar of Elyvilon.
  2605 | D:4      | Reached XP level 6. HP: 38/51 MP: 5/5
  2632 | D:4      | Noticed Dowan
  2633 | D:4      | Noticed Duvessa
  2648 | D:4      | Killed Dowan
  2658 | D:4      | Slain by Duvessa

Vault maps used:
D:1:      dpeg_arrival_rooms_a
D:2:      okawaru_metal_pillars_1_2
D:3:      gammafunk_wand_slinger, brannock_xom_greatest_gift
D:4:      eat_drink_and_be_merry_uskayaw, gammafunk_temple_overflow_arena,
          makhleb_altar_promises_db, first_ration, palyth_stone_intersect,
          uniq_duvessa

Skill      XL: |  1  2  3  4  5 |
---------------+----------------+-----
Axes           | 4 5 6 8 |  8.7
Fighting       | |  3.6
Armour         | |  2.4
Dodging        | |  2.1

Action                   |  1- 3 |  4- 6 || total
-------------------------+-------+-------++-------
Melee: Hand axe          |    71 |   123 ||   194
       Headbutt          |    19 |    22 ||    41
Invok: Berserk           |       |     2 ||     2
  Use: Scroll            |       |     5 ||     5
  Eat: Chunk             |     1 |     5 ||     6
Armor: Animal skin       |    17 |       ||    17
       Leather armour    |       |    44 ||    44
Dodge: Dodged            |    39 |    71 ||   110

Table legend:
 A = Spawn XP
 B = Non-spawn XP
 C = Spawn XP percentage of total XP
 D = Spawn monster count
 E = Non-spawn monster count
 F = Spawn count percentage of total count
 G = Total turns spent on level
                    A         B        C        D         E        F      G
               +---------+---------+-------+---------+---------+-------+---------
         Total |       0 |     506 |   0.0 |       0 |      83 |   0.0 |  2658
               +---------+---------+-------+---------+---------+-------+---------
           D:1 |       0 |      32 |   0.0 |       0 |      17 |   0.0 |   645
           D:2 |       0 |      84 |   0.0 |       0 |      25 |   0.0 |   815
           D:3 |       0 |     123 |   0.0 |       0 |      30 |   0.0 |   908
           D:4 |       0 |     267 |   0.0 |       0 |      11 |   0.0 |   290
               +---------+---------+-------+---------+---------+-------+---------
